 Dungeon Crawl Stone Soup version 0.30-a0-802-gb92711bcdf (webtiles) character file.

Game seed: 7416892675816610758

933 KennySheep the Sneak (level 7, -9/60 (63) HPs)
             Began as an Armataur Brigand on Feb 25, 2023.
             Was an Elder of Elyvilon.
             Mangled by a gnoll
             ... wielding a +2 halberd of electrocution
              (11 damage)
             ... in a bailey.
             The game lasted 00:18:00 (5098 turns).

KennySheep the Sneak (Armataur Brigand)             Turns: 5098, Time: 00:18:00

HP:   -9/60 (63)    AC:  8    Str: 15 (16) XL:     7   Next: 86%
MP:   7/9           EV:  9    Int:  5 (11) God:    Elyvilon [****..]
Gold: 427           SH:  0    Dex:  8 (14) Spells: 6/6 levels left

rFire   . . .      SeeInvis .    f - +8 dagger
rCold   . . .      Faith    .    (no shield)
rNeg    . . .      Spirit   .    b - +0 robe
rPois   .          Reflect  .    q - +2 hat
rElec   .          Harm     .    c - +1 cloak
rCorr   .          Roll     +    (no gloves)
Will    .....                    (no barding)
Stlth   +++                      (no amulet)
HPRegen 0.30/turn                (no ring)
MPRegen 0.11/turn                (no ring)

@: attractive, hasted, lightly drained, very quick
A: large, rugged brown scales 3, deformed body, armoured tail, roll, long
tongue, awkward tongue
a: Renounce Religion, Purification, Heal Other, Heal Self


You were in a bailey.
You worshipped Elyvilon.
Elyvilon was greatly pleased with you.
You visited 1 branch of the dungeon, and saw 7 of its levels.
You also visited: Ossuary and Bailey.

You collected 427 gold pieces.

Inventory:

Hand Weapons
 f - a +8 dagger (weapon)
Missiles
 d - 15 poisoned darts (quivered)
 e - 3 curare-tipped darts
 t - 3 atropa-tipped darts
 u - 2 throwing nets
Armour
 b - a +0 robe (worn)
 c - a +1 cloak (worn)
 q - a +2 hat (worn)
Jewellery
 v - a ring of fire
 y - a ring of wizardry
Wands
 s - a wand of charming (8)
Scrolls
 g - 2 scrolls of immolation
 h - 3 scrolls of teleportation
 k - a scroll of poison
 r - a scroll of enchant armour
 x - a scroll of blinking
Potions
 a - 2 potions of haste
 i - a potion of heal wounds {unknown}
 j - a potion of magic {unknown}
 n - a potion of brilliance {unknown}
 o - a potion of flight
 p - a potion of resistance
 z - a potion of degeneration
 A - a potion of lignification
 B - a potion of attraction
 D - a potion of mutation


   Skills:
 + Level 4.0 Fighting
 * Level 5.5 Short Blades
 - Level 1.7 Throwing
 + Level 0.4 Armour
 + Level 0.7 Dodging
 + Level 6.5 Stealth
 + Level 3.4 Invocations


You had 6 spell levels left.
You didn't know any spells.
Your spell library contained the following spells:

 Spells                   Type           Power      Damage    Failure   Level
 Slow                     Hex            0%         N/A       47%         1
 Summon Small Mammal      Summ           0%         N/A       47%         1
 Ensorcelled Hibernation  Hex/Ice        0%         N/A       63%         2
 Call Canine Familiar     Summ           0%         N/A       85%         3
 Confusing Touch          Hex            0%         N/A       85%         3
 Spider Form              Tmut/Pois      0%         N/A       85%         3
 Summon Guardian Golem    Hex/Summ       0%         N/A       85%         3
 Vampiric Draining        Necr           0%         2d6       85%         3
 Anguish                  Hex/Necr       0%         N/A       99%         4


Dungeon Overview and Level Annotations

Branches:
Dungeon (7/15)             Temple (0/1) D:6         Ossuary (visited)
 Bailey (1/1)

Altars:
Dithmenos
Elyvilon
Makhleb

Annotations:
D:6 Dowan, Duvessa


Innate Abilities, Weirdness & Mutations

You are completely covered in rugged brown scales. (AC +3, +7% HP)
Armour fits poorly on your strangely shaped body.
You have a long armoured tail.
You roll when moving toward enemies. (Rampage)
Your long tongue fully drains potion bottles. (2x potion effects)
Your tongue gives you trouble enunciating. (1.5x scroll delay)


Message History

Unknown command.
Something hits your orc!!
Your orc dies!
Your orc's corpse dissolves into shadows!
There is an open door here.
What are your orders? t - Shout!
Orders for allies: a - Attack new target. r - Retreat! s - Stop attacking. g - Guard the area. f - Follow me.
Anything else - Cancel.
Guard this area!
The orc knight is attracted toward you.
Okay, then.
You slurp down every last drop of the potion of haste!
You feel yourself speed up.
The orc knight hits you with a +0 halberd!
* * * LOW HITPOINT WARNING * * *
Your orc barely misses the orc knight.
Press: ? - help, Dir - move target, f - orc knight Heal: an orc knight, wielding a +0 halberd (ally target, uninterested)
You are healed.
The orc knight hits you with a +0 halberd!
You hit the orc knight.
Your tail-slap misses the orc knight.
The orc knight is lightly wounded.
Your orc barely misses the orc knight.
The gnoll closely misses your orc.
The orc knight hits you with a +0 halberd!!
* * * LOW HITPOINT WARNING * * *
As you slowly read the scroll of fear, it crumbles to dust.
You assume a fearsome visage.
The gnoll looks frightened!
The orc knight looks frightened!
Your orc hits the orc knight but does no damage.
The orc knight hits your orc with a +0 halberd!!
Your orc dies!
Your orc's corpse dissolves into shadows!
The gnoll is attracted toward you. The orc knight is attracted toward you.
The gnoll is attracted toward you. The gnoll is attracted toward you.
The orc knight is attracted toward you.
There is a fountain of blood here.
The gnoll hits you from afar with a +2 halberd of electrocution!
You die...

###.....#####.....###
##.....## #.....##
##'##'##'# #+##'##'##
#.###)###)#.# #)###)#
### ### ### ### #'#
#g#.# #.###)# +##+ +#
#+##'##'## #!.!
#.....## #.!.!
###...@.### +!.⌠§
#.'..⌠..'.# !.!.
###.g...### .g#
##o....#
#o###§##'##'#
#g§§###.# #.# #####
### ##


You could see an orc knight (fleeing) and a gnoll.

Vanquished Creatures
  An ice beast (D:5)
  An ogre (D:5)
  A black bear (D:4)
  A necrophage (D:6)
  A hound (D:5)
  A jelly (D:7)
  2 orc priests
  2 orc wizards
  3 mummies (Ossuary)
  7 adders
  9 gnolls
  2 white imps
  An ufetubus (D:6)
  4 adder zombies (Ossuary)
  2 worms
  4 dart slugs
  21 orcs
  8 ball pythons
  5 endoplasms
  2 giant cockroaches
  7 goblins
  13 hobgoblins
  8 jackals
  A quokka (D:3)
  4 bats
  2 frilled lizards (D:3)
  A goblin zombie (Ossuary)
  2 hobgoblin zombies (Ossuary)
  9 kobolds
  5 kobold zombies (Ossuary)
  5 quokka zombies (Ossuary)
  A rat (D:3)
  A rat zombie (Ossuary)
137 creatures vanquished.

Notes
Turn   | Place    | Note
-------+----------+-------------------------------------------
     0 | D:1      | KennySheep the Armataur Brigand began the quest for the
                  | Orb.
     0 | D:1      | Reached XP level 1. HP: 18/18 MP: 1/1
    85 | D:1      | Reached XP level 2. HP: 16/25 MP: 2/2
   317 | D:1      | Found a faded altar of an unknown god.
   339 | D:1      | Prayed at the altar of an unknown god.
   339 | D:1      | Became a worshipper of Elyvilon the Healer
   339 | D:1      | Reached * piety under Elyvilon
   513 | D:1      | You fall into a shaft and drop 1 floor!
   520 | D:2      | Reached XP level 3. HP: 31/31 MP: 3/3
   605 | D:2      | Reached ** piety under Elyvilon
  1541 | D:3      | Reached XP level 4. HP: 39/39 MP: 4/4
  1589 | D:3      | Reached skill level 1 in Invocations
  1599 | D:3      | Reached *** piety under Elyvilon
  1739 | D:3      | Reached skill level 5 in Stealth
  2327 | D:4      | Noticed a black bear
  2328 | D:4      | Reached **** piety under Elyvilon
  2347 | D:4      | Reached XP level 5. HP: 44/44 MP: 6/6
  2411 | D:4      | Killed a black bear
  2478 | D:4      | Reached XP level 6. HP: 53/54 MP: 7/7
  2532 | D:4      | Found a shadowy altar of Dithmenos.
  2827 | D:5      | Entered Level 5 of the Dungeon
  2915 | D:5      | Noticed an ice beast
  2917 | D:5      | Killed an ice beast
  3073 | D:5      | Reached skill level 6 in Stealth
  3073 | D:5      | Reached XP level 7. HP: 44/60 MP: 7/9
  3185 | D:5      | Found a burning altar of Makhleb.
  3987 | D:6      | Found a staircase to the Ecumenical Temple.
  4005 | D:6      | Reached skill level 5 in Short Blades
  4111 | D:6      | Noticed Dowan
  4112 | D:6      | Noticed Duvessa
  4223 | D:7      | Found a sand-covered staircase.
  4228 | Ossuary  | Entered an ossuary
  4561 | D:7      | Reached ***** piety under Elyvilon
  4562 | D:7      | Noticed a steam dragon
  4565 | D:7      | Noticed a gargoyle
  4591 | D:7      | Found a flagged portal.
  4631 | Bailey   | Entered a bailey
  5083 | Bailey   | Noticed an orc knight
  5094 | Bailey   | HP: 1/60 [orc knight/+0 halberd (23)]
  5098 | Bailey   | Mangled by a gnoll

Illustrated notes

Levels and vault maps discovered:
D:1:      doesnt_arrival_eight_statues, layout_basic, basic_ecumenical_altar,
          minmay_tromino_v2
D:2:      layout_loops_ring
D:3:      layout_loops_ring
D:4:      layout_gridville, nicolae_dithmenos_the_darkroom
D:5:      layout_basic, mainiacjoe_overflow_brackets
D:6:      layout_rooms, minmay_temple_entry_wispy, uniq_duvessa, uniq_eustachio
D:7:      layout_loops_corners, nicolae_hepliaklqana_hazy_memory,
          enter_bailey_5, enter_ossuary_2, minmay_manual_mail
Bailey:   bailey_polearm_nasty_gnolls, bailey

Skill      XL: |  1  2  3  4  5  6  7 |
---------------+----------------------+-----
Short Blades   | 2 3 4 5 |  5.5
Fighting       | 2 3 4 |  4.0
Invocations    | 1 2 3 |  3.4
Stealth        | 5 6 |  6.5
Throwing       | |  1.7
Armour         | |  0.4
Dodging        | |  0.7

Action                     |  1- 3 |  4- 6 |  7- 9 || total
---------------------------+-------+-------+-------++-------
  Melee: Dagger            |   107 |   103 |   142 ||   352
         Tailslap          |    12 |    16 |    17 ||    45
         Punch             |       |     1 |     1 ||     2
 Invoke: Heal Self         |       |       |     2 ||     2
         Heal Other        |       |       |     1 ||     1
    Use: Scroll            |     6 |     4 |    11 ||    21
         Potion            |       |     1 |     6 ||     7
   Stab: Sleeping          |     4 |    10 |    14 ||    28
         Distracted        |     1 |       |       ||     1
 Armour: Robe              |    32 |    29 |    29 ||    90
  Dodge: Dodged            |    35 |    33 |    45 ||   113

Table legend: (Time is in decaauts)
 A = Elapsed time spent in this place.
 B = Non-inter-level travel time spent in this place.
 C = Inter-level travel time spent in this place.
 D = Time resting spent in this place.
 E = Time spent auto-exploring this place.
 F = Levels seen in this place.
 G = Mean time per level.
                   A        B        C        D        E       F      G
               +--------+--------+--------+--------+--------+-----+--------+
         Total |   5016 |   4850 |    166 |    595 |   3127 |   9 |  557.3 |
       Dungeon |   4259 |   4093 |    166 |    167 |   3084 |   7 |  608.4 |
       Ossuary |    298 |    298 |      0 |    134 |     43 |   1 |  298.0 |
        Bailey |    458 |    458 |      0 |    294 |      0 |   1 |  458.0 |
               +--------+--------+--------+--------+--------+-----+--------+

Top non-repeatable levels by time:
     D:5: 1102 daAuts
     D:1: 831 daAuts
     D:2: 684 daAuts
     D:3: 644 daAuts
     D:4: 642 daAuts
  Bailey: 458 daAuts
 Ossuary: 298 daAuts
     D:6: 219 daAuts
     D:7: 133 daAuts
